 Dungeon Crawl Stone Soup version 0.19.0-18-g426998a (webtiles) character file.

40 Leybi the Poker (level 3, -4/29 HPs)
             Began as a Merfolk Skald on Nov 11, 2016.
             Slain by a hobgoblin (7 damage)
             ... led by Robin
             ... on level 1 of the Dungeon.
             The game lasted 00:02:54 (1187 turns).

Leybi the Poker (Merfolk Skald)                     Turns: 1187, Time: 00:02:55

Health: -4/29      AC:  3    Str: 12    XL:     3   Next: 50%
Magic:  5/6        EV: 11    Int: 12    God:
Gold:   70         SH:  0    Dex: 15    Spells: 1 memorised, 5 levels left

rFire  . . .     SeeInvis .     a - +0 spear
rCold  . . .     Gourm    .     b - +0 leather armour
rNeg   . . .     Faith    .     (no shield)
rPois  .         Spirit   .     (no helmet)
rElec  .         Reflect  .     (no cloak)
rCorr  .         Harm     .     (no gloves)
MR     .....                    (no boots)
Stlth  +.........               (no amulet)
                                (no ring)
                                k - +2 ring of dexterity

@: infused
A: change form in water, swift swim, stealthy swim
a: no special abilities


You were on level 1 of the Dungeon.
You were not hungry.

You visited 1 branch of the dungeon, and saw 2 of its levels.

You collected 70 gold pieces.

Inventory:

Hand Weapons
 a - a +0 spear (weapon)
Armour
 b - a +0 leather armour (worn)
Jewellery
 k - a +2 ring of dexterity (left hand)
Scrolls
 e - a scroll of random uselessness {unknown}
 f - 3 scrolls of identify {unknown}
 i - a scroll of immolation {unknown}
Potions
 g - a potion of mutation {unknown}
 j - a potion of magic {unknown}
 l - 2 potions of degeneration {unknown}
Books
 c - a book of Battle

   Spells                             Type                      Level
   a - Infusion                       Charms                       1
   b - Shroud of Golubria             Charms/Translocation         2
   c - Song of Slaying                Charms                       2
   d - Spectral Weapon                Hexes/Charms                 3
   e - Regeneration                   Charms/Necromancy            3
Comestibles
 d - a bread ration
 h - 3 chunks of flesh


   Skills:
 * Level 3.5 Fighting
 + Level 4.0 Polearms
 - Level 0.6 Armour
 - Level 1.3 Dodging
 - Level 2.0 Spellcasting
 - Level 3.2 Charms


You had 5 spell levels left.
You knew the following spells:

 Your Spells              Type           Power        Failure   Level  Hunger
a - Infusion              Chrm           #...         12%         1    ##.....


Dungeon Overview and Level Annotations

Branches:
Dungeon (2/15)

Altars:

Annotations:
D:2 Robin


Message History

You barely miss the goblin.
The goblin is severely wounded.
The goblin hits you with a dagger. The hobgoblin hits you.
Casting: Infusion
Confirm with . or Enter, or press ? or * to list all spells.
You begin infusing your attacks with magical energy.
The goblin hits you but does no damage. The hobgoblin hits you.
* * * LOW HITPOINT WARNING * * *
You closely miss the goblin.
The goblin is moderately wounded.
The goblin barely misses you. The hobgoblin hits you.
* * * LOW HITPOINT WARNING * * *
You closely miss the goblin.
The goblin is moderately wounded.
The goblin closely misses you. The hobgoblin misses you.
You miss the goblin.
The goblin is moderately wounded.
The goblin no longer looks unusually strong.
The goblin hits you but does no damage. The hobgoblin hits you!
You die...

.........##.....########.#.......
######.#.##.....##.......##...#..
#.......#####.#########....#
##......# ##.## ###.## #.......#
#...# #..# ######.......#
#...####### ##.. .............#
#.........######.
..####...#...####.........##.....
..####...#...[.(@.........#.#....
..#............gg†...........####
..#.##......#....)........##.#
..#.####..#######.........##.#
..#.##....# #.........##.#
###.##.##.# #...########.####
#.##.##.# ###...### #.....
###.......# #.......# ######
.......#### #.##.##.# ###


You could see a hobgoblin and a goblin.

Vanquished Creatures
  A leopard gecko (D:1)
  3 bats (D:1)
  10 goblins
  5 hobgoblins (D:1)
  4 jackals (D:1)
  A ball python (D:1)
  3 frilled lizards (D:1)
  5 kobolds (D:1)
  3 rats (D:1)
35 creatures vanquished.

Notes
Turn   | Place    | Note
-------+----------+-------------------------------------------
     0 | D:1      | Leybi the Merfolk Skald began the quest for the Orb.
     0 | D:1      | Reached XP level 1. HP: 16/16 MP: 3/3
    52 | D:1      | Reached XP level 2. HP: 18/23 MP: 5/5
   785 | D:1      | Reached XP level 3. HP: 27/29 MP: 6/6
   831 | D:1      | Reached skill level 4 in Polearms
  1170 | D:2      | Noticed Robin
  1187 | D:1      | Slain by a hobgoblin

Skill      XL: |  1  2  3 |
---------------+----------+-----
Fighting       | 3 |  3.5
Polearms       | 4 |  4.0
Armour         | |  0.6
Dodging        | |  1.3
Spellcasting   | |  2.0
Charms         | |  3.2

Action                   || total
-------------------------++-------
Melee: Spear             ||   118
 Cast: Infusion          ||     3
  Eat: Chunk             ||     1
Armor: Leather armour    ||    33
Dodge: Dodged            ||    88
